 Dungeon Crawl Stone Soup version 0.26-a0-665-gefeb406119 (webtiles) character file.

Game seed: 1223388416452568699

468 zazu2006 the Magician (level 7, -6/56 HPs)
             Began as a Naga Hedge Wizard on Oct 13, 2020.
             Was an Initiate of Vehumet.
             Mangled by an ogre
             ... wielding a +0 giant club
              (28 damage)
             ... on level 5 of the Dungeon.
             The game lasted 00:09:39 (5842 turns).

zazu2006 the Magician (Naga Hedge Wizard)           Turns: 5842, Time: 00:09:40

Health: -6/56      AC:  4    Str: 13    XL:     7   Next: 8%
Magic:  1/14       EV: 10    Int: 15    God:    Vehumet [......]
Gold:   176        SH:  0    Dex: 11    Spells: 7/16 levels left

rFire    . . .     SeeInvis +   a - +0 dagger
rCold    . . .     Faith    .   (no shield)
rNeg     . . .     Spirit   .   e - +0 leather armour
rPois    +         Reflect  .   c - +0 hat
rElec    .         Harm     .   (no cloak)
rCorr    .         Rampage  .   (no gloves)
MR       .....                  (no barding)
Stlth    ++........             (no amulet)
HPRegen  0.18/turn              (no ring)
MPRegen  0.14/turn              (no ring)

@: very slightly contaminated, very slow
A: large, see invisible, deformed body, poison resistance, slowness 2, spit
poison 1, AC +2
a: Spit Poison, Renounce Religion


You were on level 5 of the Dungeon.
You worshipped Vehumet.
Vehumet was noncommittal.
You visited 2 branches of the dungeon, and saw 6 of its levels.

You collected 176 gold pieces.

Inventory:

Hand Weapons
 a - a +0 dagger (weapon)
Armour
 c - a +0 hat (worn)
 e - a +0 leather armour (worn)
Jewellery
 h - an uncursed ring of resist corrosion {unknown}
 r - an uncursed ring of see invisible {unknown}
Wands
 o - a wand of polymorph (1)
Scrolls
 d - 5 scrolls of magic mapping {unknown}
 f - 6 scrolls of identify {unknown}
 i - a scroll of fear {unknown}
 j - 2 scrolls of remove curse {unknown}
 k - a scroll of fog {unknown}
 m - a scroll of noise {unknown}
 q - a scroll of enchant armour {unknown}
 s - a scroll of teleportation {unknown}
Potions
 b - a potion of curing
 g - a potion of heal wounds {unknown}
 l - a potion of mutation {unknown}
 n - a potion of berserk rage {unknown}
 p - a potion of resistance {unknown}


   Skills:
 + Level 0.6 Fighting
 + Level 2.0 Armour
 + Level 2.1 Dodging
 + Level 3.8 Stealth
 + Level 5.2 Spellcasting
 + Level 2.4 Conjurations
   Level 1.0 Summonings
 + Level 1.0 Translocations
 + Level 0.3 Air Magic
 * Level 3.3 Poison Magic


You had 7 spell levels left.
You knew the following spells:

 Your Spells              Type           Power        Failure   Level
a - Magic Dart            Conj           ##..         8%          1
b - Mephitic Cloud        Conj/Pois/Air  #.......     26%         3
c - Conjure Flame         Conj/Fire      #.......     36%         3
d - Blink                 Tloc           N/A          21%         2

Your spell library contained the following spells:

 Spells                   Type           Power        Failure   Level
 Call Imp                 Summ           #.......     21%         2
 Slow                     Hex            #.......     30%         2


Dungeon Overview and Level Annotations

Branches:
Dungeon (5/15)             Temple (1/1) D:5

Altars:
Ashenzari
Cheibriados
Elyvilon
Fedhas
Gozag
Hepliaklqana
Makhleb
Nemelex Xobeh
Okawaru
Qazlal
Sif Muna
Uskayaw
Vehumet
Wu Jian
Yredelemnul
Zin
The Shining One


Innate Abilities, Weirdness & Mutations

You cannot wear boots.
Your serpentine skin is tough. (AC +2)
You have supernaturally acute eyesight. (SInv)
Armour fits poorly on your strangely shaped body.
Your system is resistant to poisons. (rPois)
You cover ground very slowly.
You can spit poison.


Message History

You feel better. The ogre hits you with a +0 giant club!
* * * LOW HITPOINT WARNING * * *
Okay, then.
Unknown command.
Okay, then.
You feel better.
You feel better. The ogre closely misses you.
Press: ? - help, Shift-Dir - straight line, f/p - ogre
Aim: an ogre, wielding a +0 giant club (lightly wounded)
The splash of poison hits the ogre!
The ogre is moderately wounded.
The ogre barely misses you.
You have got your breath back.
The ogre barely misses you.
Evoke which item? (* to show all) (? for menu, Esc to quit)
Okay, then.
Found a scroll labeled GENNOAHIKY.
The ogre hits you with a +0 giant club!!
Ouch! That really hurt!
You die...

##..#...........PP..........
#................>.P...#....
##........#.##.PPP....## #..
#.........####.....P...# .
#..........#.......##.##.
#..................#.....
#..###.....#.............#
##. #.<..##....O####.#..#
#............##@# ##..
..#......#....#...#
......##.#....##..# .#....
.##....#.... ###..##
.......... #.# ....?.. ##
........ ..........


You could see an ogre.

Vanquished Creatures
  An ogre (D:4)
  A howler monkey (D:4)
  A gnoll shaman (D:3)
  An orc wizard (D:3)
  Natasha (D:3)
  Ijyb (D:3)
  A worker ant (D:4)
  5 gnolls (D:3)
  5 adders
  2 oozes
  An adder skeleton (D:4)
  3 worms
  5 dart slugs
  A leopard gecko (D:3)
  5 orcs
  13 bats
  3 giant cockroaches
  11 goblins
  3 hobgoblins
  11 jackals
  5 ball pythons
  4 frilled lizards
  8 kobolds
  A leopard gecko skeleton (D:4)
  6 rats
99 creatures vanquished.

Notes
Turn   | Place    | Note
-------+----------+-------------------------------------------
     0 | D:1      | zazu2006 the Naga Hedge Wizard began the quest for the Orb.
     0 | D:1      | Reached XP level 1. HP: 15/15 MP: 4/4
   119 | D:1      | Reached XP level 2. HP: 22/22 MP: 1/6
   693 | D:1      | Reached XP level 3. HP: 28/28 MP: 6/8
   698 | D:1      | Learned a level 3 spell: Mephitic Cloud
   702 | D:1      | Learned a level 3 spell: Conjure Flame
   705 | D:1      | Learned a level 2 spell: Blink
  1473 | D:2      | Found a sparkling altar of Nemelex Xobeh.
  1509 | D:2      | Reached skill level 1 in Poison Magic
  1787 | D:2      | Reached XP level 4. HP: 16/36 MP: 1/9
  2481 | D:3      | Noticed Ijyb
  2527 | D:3      | Killed Ijyb
  2527 | D:3      | Reached skill level 1 in Armour
  2922 | D:3      | Reached skill level 4 in Spellcasting
  2922 | D:3      | Reached XP level 5. HP: 43/43 MP: 3/11
  4140 | D:3      | Noticed Natasha
  4150 | D:3      | Killed Natasha
  4150 | D:3      | Reached XP level 6. HP: 26/50 MP: 5/12
  5012 | D:4      | Reached skill level 5 in Spellcasting
  5012 | D:4      | Reached XP level 7. HP: 56/56 MP: 5/14
  5290 | D:4      | Found a broken altar of Ashenzari.
  5552 | D:5      | Entered Level 5 of the Dungeon
  5633 | D:5      | Found a staircase to the Ecumenical Temple.
  5645 | Temple   | Entered the Ecumenical Temple
  5793 | Temple   | Became a worshipper of Vehumet
  5842 | D:5      | Mangled by an ogre

Illustrated notes

Levels and vault maps discovered:
D:1:      sevenhm_arrival_forest_fort_small_4, layout_basic,
          serial_bayou_pond_e, minmay_split_cup_small
D:2:      layout_loops_cross, nemelex_dance_club_becter
D:3:      layout_loops_ring, uniq_ijyb, uniq_natasha
D:4:      layout_loops_cross, kennysheep_mini_moat
D:5:      layout_cave_pools, minmay_temple_entry_overgrown, uniq_eustachio
Temple:   regret_index_temple_sphere_string

Skill      XL: |  1  2  3  4  5  6 |
---------------+-------------------+-----
Poison Magic   | 1 2 3 |  3.3
Armour         | 1 2 |  2.0
Spellcasting   | 4 5 |  5.2
Dodging        | 2 |  2.1
Conjurations   | 2 |  2.4
Fighting       | |  0.6
Stealth        | |  3.8
Summonings     | |  1.0
Translocations | |  1.0
Air Magic      | |  0.3

Action                   |  1- 3 |  4- 6 |  7- 9 || total
-------------------------+-------+-------+-------++-------
Melee: Dagger            |    28 |    63 |    11 ||   102
       Unarmed           |       |    25 |       ||    25
 Cast: Magic Dart        |    71 |   111 |    11 ||   193
       Mephitic Cloud    |       |     9 |     2 ||    11
 Abil: Spit Poison       |    14 |    27 |     4 ||    45
  Use: Potion            |       |       |     4 ||     4
 Stab: Confused          |       |     4 |       ||     4
       Sleeping          |       |       |     1 ||     1
Armor: Leather armour    |    15 |    23 |     1 ||    39
       Skin              |       |     2 |       ||     2
Dodge: Dodged            |    26 |    66 |    14 ||   106

Table legend: (Time is in decaauts)
 A = Elapsed time spent in this place.
 B = Non-inter-level travel time spent in this place.
 C = Inter-level travel time spent in this place.
 D = Time resting spent in this place.
 E = Time spent auto-exploring this place.
 F = Levels seen in this place.
 G = Mean time per level.
                   A        B        C        D        E       F      G
               +--------+--------+--------+--------+--------+-----+--------+
         Total |   6765 |   6662 |    103 |    631 |   5205 |   6 | 1127.5 |
       Dungeon |   6527 |   6454 |     73 |    631 |   5010 |   5 | 1305.4 |
        Temple |    237 |    207 |     30 |      0 |    194 |   1 |  237.0 |
               +--------+--------+--------+--------+--------+-----+--------+

Top non-repeatable levels by time:
     D:3: 2386 daAuts
     D:2: 1787 daAuts
     D:1: 1278 daAuts
     D:4: 998 daAuts
  Temple: 237 daAuts
     D:5: 77 daAuts
